Toronto Maple Leafs vs Edmonton Oilers
Created - Tuesday, April 23, 2024 at 07:16
Goals
|
| Toronto Maple Leafs |
1 |
4 |
1 |
6 |
| Edmonton Oilers |
2 |
0 |
2 |
4 |
|
Shots
|
| Toronto Maple Leafs |
5 |
16 |
15 |
36 |
| Edmonton Oilers |
10 |
13 |
12 |
35 |
|
1st period
1. Toronto Maple Leafs , Brady Tkachuk 21 (Troy Terry 17, Sam Bennett 30) at 17:01
2. Edmonton Oilers , Adrian Kempe 21 (David Perron 17, Brett Pesce 7) at 17:19
3. Edmonton Oilers , Boone Jenner 22 (Adrian Kempe 38) at 17:29
Penalties :
Scott Laughton (TOR) for Slashing (Double Minor) at 0:35, Brandon Carlo (EDM) for Tripping (Minor) at 13:35, Trevor Zegras (TOR) for Slashing (Minor) at 18:13, Adrian Kempe (EDM) for Hooking (Minor) at 19:11
2nd period
4. Toronto Maple Leafs , Trevor Zegras 18 (Scott Laughton 30, Andrew Mangiapane 22) at 1:08 (PP)
5. Toronto Maple Leafs , Troy Terry 21 (Brady Tkachuk 29, Bowen Byram 2) at 3:53
6. Toronto Maple Leafs , Nicolas Roy 10 (Nino Niederreiter 7, Aaron Ekblad 25) at 4:29
7. Toronto Maple Leafs , Sam Bennett 16 (Troy Terry 18, Andrew Mangiapane 23) at 19:35 (PP)
Penalties :
Brett Pesce (EDM) for Boarding (Minor) at 12:51, Adrian Kempe (EDM) for Fighting (Major) at 15:35, Luke Schenn (TOR) for Fighting (Major) at 15:35, Ryker Evans (EDM) for Fighting (Major) at 16:10, Brady Tkachuk (TOR) for Fighting (Major) at 16:10, Aaron Ekblad (TOR) for Hooking (Minor) at 16:34, Scott Mayfield (EDM) for Roughing (Minor) at 19:21
3rd period
8. Edmonton Oilers , Brock Boeser 32 (Brett Pesce 8, Ryker Evans 2) at 10:41
9. Edmonton Oilers , Evan Bouchard 7 (Dawson Mercer 10, Derek Grant 8) at 17:05
10. Toronto Maple Leafs , Troy Terry 22 (Brady Tkachuk 30, Aaron Ekblad 26) at 19:54 (Empty Net)
Penalties :
Scott Mayfield (EDM) for Hooking (Minor) at 3:58
Goalie Stats
Cam Talbot (TOR), 31 saves from 35 shots - (0.886), W, 23-14-2, 60:00 minutes
Juuse Saros (EDM), 30 saves from 35 shots - (0.857), L, 29-22-4, 58:36 minutes
Players Stats for Toronto Maple Leafs
Player Name G A P +/- PIM S H SB GA TA FO MP PP MP PK MP
------------------------------------------------------------------------------------
Aaron Ekblad 0 2 2 0 2 3 4 1 0 1 0/0 26:59 4:05 2:40
Andrew Mangiapane 0 2 2 -1 0 3 0 0 0 0 0/3 13:58 1:10 0:00
Bowen Byram 0 1 1 1 0 1 0 0 0 0 0/0 13:16 0:07 1:30
Brady Tkachuk 1 2 3 2 5 6 3 0 0 1 3/5 20:01 3:24 2:11
Brandon Saad 0 0 0 -1 0 1 1 2 0 0 0/0 16:40 2:33 1:19
Dougie Hamilton 0 0 0 0 0 1 2 3 2 0 0/0 28:06 4:12 3:51
Kyle Okposo 0 0 0 0 0 0 1 0 0 0 0/0 5:44 0:00 0:00
Luke Schenn 0 0 0 1 5 0 1 2 0 0 0/0 17:11 2:48 1:48
Mario Ferraro 0 0 0 -1 0 2 0 0 0 1 0/0 20:15 3:02 3:05
Nick Bjugstad 0 0 0 0 0 3 1 0 1 0 2/4 6:02 0:00 0:18
Nicolas Roy 1 0 1 -1 0 1 0 0 0 0 6/10 11:51 0:00 0:00
Nino Niederreiter 0 1 1 -1 0 0 2 0 2 0 0/1 14:17 0:00 2:26
Ryan Pulock 0 0 0 -1 0 1 1 4 0 1 0/0 14:11 0:00 0:58
Sam Bennett 1 1 2 2 0 1 0 2 1 0 7/22 21:34 3:38 2:59
Scott Laughton 0 1 1 -1 4 4 0 0 0 0 16/29 17:48 3:29 0:55
Trevor Zegras 1 0 1 -1 2 5 2 0 0 0 1/2 18:57 3:29 2:31
Troy Terry 2 2 4 2 0 4 3 0 1 0 0/1 19:24 3:38 1:13
Warren Foegele 0 0 0 0 0 0 1 0 0 0 0/0 5:44 0:00 0:00
Players Stats for Edmonton Oilers
Player Name G A P +/- PIM S H SB GA TA FO MP PP MP PK MP
------------------------------------------------------------------------------------
Adrian Kempe 1 1 2 1 7 5 2 0 0 0 0/0 17:22 2:35 0:00
Alex Iafallo 0 0 0 0 0 3 0 0 2 0 0/0 14:11 1:49 3:11
Blake Wheeler 0 0 0 0 0 3 1 0 0 0 0/0 12:44 4:20 0:00
Boone Jenner 1 0 1 1 0 4 0 0 0 1 21/33 19:51 3:35 0:00
Brandon Carlo 0 0 0 -2 2 4 1 5 0 0 0/0 20:31 0:20 3:04
Brett Pesce 0 2 2 3 2 1 0 3 0 3 0/0 20:28 2:16 1:27
Brock Boeser 1 0 1 -3 0 3 0 0 0 0 0/0 21:01 3:35 0:08
David Perron 0 1 1 2 0 1 0 0 2 0 0/3 17:01 2:29 0:00
Dawson Mercer 0 1 1 1 0 3 0 1 0 0 1/1 8:32 2:48 0:00
Derek Grant 0 1 1 1 0 0 0 0 0 0 3/9 10:43 0:46 3:48
Evan Bouchard 1 0 1 3 0 2 1 3 0 1 0/0 25:04 4:20 3:25
Jacob Trouba 0 0 0 -2 0 1 0 2 0 2 0/0 21:31 0:20 3:42
Jake DeBrusk 0 0 0 -2 0 3 2 1 0 0 1/1 17:14 2:31 0:00
Jeff Carter 0 0 0 0 0 0 1 0 0 0 11/13 12:56 0:45 3:11
Mikael Backlund 0 0 0 -2 0 1 0 0 0 0 5/17 17:34 2:10 0:08
Ryker Evans 0 1 1 -1 5 0 0 0 0 0 0/0 10:48 0:00 0:00
Scott Mayfield 0 0 0 -1 4 1 0 1 0 0 0/0 14:36 0:00 2:36
Tanner Jeannot 0 0 0 1 0 0 1 0 0 0 0/0 9:38 0:00 3:48
3 Stars
1 - Troy Terry (TOR)
2 - Sam Bennett (TOR)
3 - Brady Tkachuk (TOR)
Power Play
Toronto Maple Leafs - 2 on 5 Attempt(s) - 40.00%
Edmonton Oilers - 0 on 4 Attempt(s) - 0.00%
Penalty Kill
Toronto Maple Leafs - 4 on 4 Attempt(s) - 100.00%
- Score 0 goal in Penalty Kill
Edmonton Oilers - 3 on 5 Attempt(s) - 60.00%
- Score 0 goal in Penalty Kill
Team Stat
Toronto Maple Leafs - Hits : 22 - Faceoff Wins : 35 - Blocked Shots : 14 - Penalty Minutes : 18
Edmonton Oilers - Hits : 9 - Faceoff Wins : 42 - Blocked Shots : 16 - Penalty Minutes : 20
Official
Referees : Jean Hebert and Ian Walsh
Linesman : Vaughan Rody and Scott Driscoll
Game Notes
Luke Schenn beats up Adrian Kempe at 15:35 of 2nd period
Ryker Evans and Brady Tkachuk fight to a draw at 16:10 of 2nd period
Troy Terry has scored in a empty net!
Finance
Level 1 -- Attendance: 6000 (100.00%) -- Ticket Income $540,000
Level 2 -- Attendance: 4896 (97.92%) -- Ticket Income $244,800
Level 3 -- Attendance: 2919 (97.30%) -- Ticket Income $87,570
Level 4 -- Attendance: 4677 (93.54%) -- Ticket Income $93,540
Luxury Box -- Attendance: 1000 (100.00%) -- Ticket Income $190,000
Game was played at the Rexall Place.
Total Attendance: 19492 (97.46%)
Total Ticket Income: $1,155,910
Other Income: $404,568
Total Income: $1,560,478
Toronto Maple Leafs
5 vs 5 Forward
Center Left Wing Right Wing Time % Phy DF OF
1 Sam Bennett Brady Tkachuk Troy Terry 30 1 2 2
2 Scott Laughton Trevor Zegras Brandon Saad 30 1 2 2
3 Nicolas Roy Andrew Mangiapane Nino Niederreiter 25 1 2 2
4 Nick Bjugstad Warren Foegele Kyle Okposo 15 1 2 2
5 vs 5 Defense
Defense Defense Time % Phy DF OF
1 Aaron Ekblad Dougie Hamilton 30 1 2 2
2 Mario Ferraro Ryan Pulock 30 1 2 2
3 Luke Schenn Bowen Byram 25 1 2 2
4 Aaron Ekblad Dougie Hamilton 15 1 2 2
PowerPlay Forward
Center Left Wing Right Wing Time % Phy DF OF
1 Sam Bennett Brady Tkachuk Troy Terry 50 1 2 2
2 Scott Laughton Trevor Zegras Brandon Saad 50 1 2 2
PowerPlay Defense
Defense Defense Time % Phy DF OF
1 Aaron Ekblad Dougie Hamilton 50 1 2 2
2 Luke Schenn Mario Ferraro 50 1 2 2
Penalty Kill 4 Players Forward
Center Wing Time % Phy DF OF
1 Brady Tkachuk Sam Bennett 50 1 2 2
2 Scott Laughton Trevor Zegras 50 1 2 2
Penalty Kill 4 Players Defense
Defense Defense Time % Phy DF OF
1 Aaron Ekblad Dougie Hamilton 50 1 2 2
2 Mario Ferraro Luke Schenn 50 1 2 2
Penalty Kill - 3 Players Forward
Forward Time % Phy DF OF
1 Brady Tkachuk 50 1 2 2
2 Sam Bennett 50 1 2 2
Penalty Kill - 3 Players Defense
Defense Defense Time % Phy DF OF
1 Aaron Ekblad Dougie Hamilton 50 1 2 2
2 Luke Schenn Bowen Byram 50 1 2 2
4 vs 4 Forward
Center Wing Time % Phy DF OF
1 Brady Tkachuk Sam Bennett 50 1 2 2
2 Scott Laughton Trevor Zegras 50 1 2 2
4 vs 4 Defense
Defense Defense Time % Phy DF OF
1 Aaron Ekblad Dougie Hamilton 50 1 2 2
2 Mario Ferraro Ryan Pulock 50 1 2 2
Last Minutes Offensive
Center Left Wing Right Wing Defense Defense
Sam Bennett Brady Tkachuk Troy Terry Aaron Ekblad Dougie Hamilton
Last Minutes Defensive
Center Left Wing Right Wing Defense Defense
Sam Bennett Brady Tkachuk Troy Terry Aaron Ekblad Dougie Hamilton
Goaltenders
Starting : Cam Talbot
Backup : Frederik Andersen
Extra Forwards
Normal : Andrew Mangiapane, Nicolas Roy, Nino Niederreiter - PP : Andrew Mangiapane, Nicolas Roy - PK : Nino Niederreiter
Extra Defensemen
Normal : Mario Ferraro, Luke Schenn, Dougie Hamilton - PP : Mario Ferraro - PK : Luke Schenn, Dougie Hamilton
Penalty Shots
Brady Tkachuk, Sam Bennett, Scott Laughton, Trevor Zegras, Troy Terry
Edmonton Oilers
5 vs 5 Forward
Center Left Wing Right Wing Time % Phy DF OF
1 Boone Jenner Adrian Kempe David Perron 34 1 1 3
2 Mikael Backlund Jake DeBrusk Brock Boeser 34 0 2 3
3 Jeff Carter Alex Iafallo Blake Wheeler 20 1 2 2
4 Derek Grant Tanner Jeannot Dawson Mercer 12 1 3 1
5 vs 5 Defense
Defense Defense Time % Phy DF OF
1 Jacob Trouba Brandon Carlo 35 1 3 1
2 Brett Pesce Evan Bouchard 35 0 2 3
3 Ryker Evans Scott Mayfield 25 1 3 1
4 Brandon Carlo Scott Mayfield 5 1 4 0
PowerPlay Forward
Center Left Wing Right Wing Time % Phy DF OF
1 Boone Jenner Adrian Kempe Brock Boeser 60 1 0 4
2 Mikael Backlund Jake DeBrusk David Perron 40 1 0 4
PowerPlay Defense
Defense Defense Time % Phy DF OF
1 Evan Bouchard Blake Wheeler 60 1 1 3
2 Brett Pesce Dawson Mercer 40 0 2 3
Penalty Kill 4 Players Forward
Center Wing Time % Phy DF OF
1 Derek Grant Tanner Jeannot 53 1 4 0
2 Jeff Carter Alex Iafallo 47 1 4 0
Penalty Kill 4 Players Defense
Defense Defense Time % Phy DF OF
1 Brandon Carlo Jacob Trouba 50 2 3 0
2 Scott Mayfield Evan Bouchard 50 2 3 0
Penalty Kill - 3 Players Forward
Forward Time % Phy DF OF
1 Derek Grant 50 1 4 0
2 Mikael Backlund 50 1 4 0
Penalty Kill - 3 Players Defense
Defense Defense Time % Phy DF OF
1 Brandon Carlo Jacob Trouba 50 1 4 0
2 Scott Mayfield Evan Bouchard 50 1 4 0
4 vs 4 Forward
Center Wing Time % Phy DF OF
1 Boone Jenner Adrian Kempe 50 1 2 2
2 Mikael Backlund Brock Boeser 50 0 2 3
4 vs 4 Defense
Defense Defense Time % Phy DF OF
1 Jacob Trouba Brandon Carlo 50 1 3 1
2 Scott Mayfield Evan Bouchard 50 1 1 3
Last Minutes Offensive
Center Left Wing Right Wing Defense Defense
Boone Jenner Adrian Kempe Brock Boeser Brett Pesce Evan Bouchard
Last Minutes Defensive
Center Left Wing Right Wing Defense Defense
Mikael Backlund Derek Grant Tanner Jeannot Brandon Carlo Scott Mayfield
Goaltenders
Starting : Juuse Saros
Backup : Matt Murray
Extra Forwards
Normal : Brock Boeser, Adrian Kempe, Boone Jenner - PP : Jake DeBrusk, Brock Boeser - PK : Mikael Backlund
Extra Defensemen
Normal : Evan Bouchard, Jacob Trouba, Brandon Carlo - PP : Jacob Trouba - PK : Brett Pesce, Brandon Carlo
Penalty Shots
Boone Jenner, Adrian Kempe, Brock Boeser, Jake DeBrusk, Dawson Mercer
% Time on Ice - Toronto Maple Leafs
Lines # - Real PCT - Wanted PCT - Time Play
Normal Forward
1 - 31% - 30% - 13:25
2 - 29% - 30% - 12:51
3 - 27% - 25% - 11:46
4 - 13% - 15% - 5:44
Normal Defense
1 - 31% - 30% - 13:29
2 - 31% - 30% - 13:33
3 - 28% - 25% - 12:07
4 - 11% - 15% - 4:37
PP Forward
1 - 51% - 50% - 3:38
2 - 49% - 50% - 3:29
PP Defense
1 - 57% - 50% - 4:05
2 - 43% - 50% - 3:02
PK Forward
1 - 56% - 50% - 3:51
2 - 44% - 50% - 3:05
PK Defense
1 - 49% - 50% - 3:22
2 - 51% - 50% - 3:34
PK3 Forward
1 - 0% - 50%
2 - 0% - 50%
PK3 Defense
1 - 0% - 50%
2 - 0% - 50%
44 Forward
1 - 44% - 50% - 0:27
2 - 56% - 50% - 0:34
44 Defense
1 - 43% - 50% - 0:26
2 - 57% - 50% - 0:35
Last Minute Offensive - 0:00
Last Minute Defensive - 1:10
Total
Forward - 60:00
Defense - 60:00
|
% Time on Ice - Edmonton Oilers
Lines # - Real PCT - Wanted PCT - Time Play
Normal Forward
1 - 34% - 34% - 14:51
2 - 34% - 34% - 15:01
3 - 18% - 20% - 8:05
4 - 13% - 12% - 5:50
Normal Defense
1 - 36% - 35% - 15:57
2 - 38% - 35% - 16:40
3 - 26% - 25% - 11:10
4 - 0% - 5% - 0:00
PP Forward
1 - 61% - 60% - 4:12
2 - 39% - 40% - 2:44
PP Defense
1 - 67% - 60% - 4:40
2 - 33% - 40% - 2:16
PK Forward
1 - 53% - 53% - 3:48
2 - 47% - 47% - 3:19
PK Defense
1 - 52% - 50% - 3:42
2 - 48% - 50% - 3:25
PK3 Forward
1 - 0% - 50%
2 - 0% - 50%
PK3 Defense
1 - 0% - 50%
2 - 0% - 50%
44 Forward
1 - 46% - 50% - 0:28
2 - 54% - 50% - 0:33
44 Defense
1 - 59% - 50% - 0:36
2 - 41% - 50% - 0:25
Last Minute Offensive - 1:09
Last Minute Defensive - 0:00
Total
Forward - 60:00
Defense - 60:00
|
Play-by-Play
1st period
0:01 of 1st period - Brady Tkachuk wins face-off versus Boone Jenner in neutral zone.
0:08 of 1st period - Dougie Hamilton is hit by Adrian Kempe and loses puck.
0:13 of 1st period - Wrist shot by Adrian Kempe.
0:13 of 1st period - Stopped by Cam Talbot with a rebound.
0:15 of 1st period - Slapshot by Brandon Carlo.
0:15 of 1st period - Deflect By Aaron Ekblad.
0:15 of 1st period - Stopped by Cam Talbot without a rebound.
0:16 of 1st period - Scott Laughton wins face-off versus Mikael Backlund in Toronto Maple Leafs zone.
0:16 of 1st period - Scott Laughton is hit by Jake DeBrusk.
0:35 of 1st period - Double Minor Penalty to Scott Laughton for Slashing.
0:36 of 1st period - Brady Tkachuk wins face-off versus Boone Jenner in Toronto Maple Leafs zone.
0:45 of 1st period - Snap shot by Boone Jenner.
0:45 of 1st period - Stopped by Cam Talbot with a rebound.
0:47 of 1st period - Snap shot by Boone Jenner.
0:47 of 1st period - Shot Misses the Net.
4:35 of 1st period - Penalty to Scott Laughton is over, Scott Laughton is back on ice.
4:41 of 1st period - Dawson Mercer is hit by Ryan Pulock and loses puck.
4:54 of 1st period - Slapshot by Nick Bjugstad.
4:54 of 1st period - Deflect By Kyle Okposo.
4:54 of 1st period - Shot Blocked by Dawson Mercer.
4:54 of 1st period - Puck is out of play.
4:55 of 1st period - Nicolas Roy wins face-off versus Boone Jenner in Edmonton Oilers zone.
6:15 of 1st period - Blake Wheeler is hit by Nino Niederreiter and loses puck.
6:20 of 1st period - Snap shot by Andrew Mangiapane.
6:20 of 1st period - Shot Blocked by Brandon Carlo.
7:24 of 1st period - Slapshot by Bowen Byram.
7:24 of 1st period - Shot Misses the Net.
8:26 of 1st period - Scott Mayfield is hit by Brady Tkachuk and loses puck.
8:47 of 1st period - Snap shot by Blake Wheeler.
8:47 of 1st period - Stopped by Cam Talbot with a rebound.
9:07 of 1st period - Mikael Backlund is hit by Aaron Ekblad and loses puck.
9:16 of 1st period - Slapshot by Brandon Saad.
9:16 of 1st period - Deflect By Trevor Zegras.
9:16 of 1st period - Stopped by Juuse Saros without a rebound.
9:17 of 1st period - Jeff Carter wins face-off versus Sam Bennett in Edmonton Oilers zone.
9:32 of 1st period - Slapshot by Sam Bennett.
9:32 of 1st period - Shot Blocked by Evan Bouchard.
9:34 of 1st period - Wrist shot by Bowen Byram.
9:34 of 1st period - Shot Misses the Net.
10:09 of 1st period - Boone Jenner is hit by Nick Bjugstad and loses puck.
10:16 of 1st period - Slapshot by Kyle Okposo.
10:16 of 1st period - Shot Misses the Net.
10:22 of 1st period - Snap shot by Kyle Okposo.
10:22 of 1st period - Deflect By Nick Bjugstad.
10:22 of 1st period - Stopped by Juuse Saros with a rebound.
11:22 of 1st period - Wrist shot by Scott Laughton.
11:22 of 1st period - Stopped by Juuse Saros without a rebound.
11:23 of 1st period - Mikael Backlund wins face-off versus Scott Laughton in Edmonton Oilers zone.
12:34 of 1st period - Snap shot by Dawson Mercer.
12:34 of 1st period - Stopped by Cam Talbot without a rebound.
12:35 of 1st period - Nick Bjugstad wins face-off versus Jeff Carter in Toronto Maple Leafs zone.
12:35 of 1st period - Nick Bjugstad is hit by Jeff Carter.
13:07 of 1st period - Slapshot by Mikael Backlund.
13:07 of 1st period - Shot Misses the Net.
13:17 of 1st period - Jacob Trouba is hit by Trevor Zegras and loses puck.
13:35 of 1st period - Minor Penalty to Brandon Carlo for Tripping.
13:36 of 1st period - Sam Bennett wins face-off versus Derek Grant in Edmonton Oilers zone.
13:40 of 1st period - Snap shot by Troy Terry.
13:40 of 1st period - Stopped by Juuse Saros without a rebound.
13:41 of 1st period - Derek Grant wins face-off versus Sam Bennett in Edmonton Oilers zone.
14:15 of 1st period - Slapshot by Scott Laughton.
14:15 of 1st period - Shot Misses the Net.
14:31 of 1st period - Derek Grant is hit by Aaron Ekblad and loses puck.
14:56 of 1st period - Slapshot by Troy Terry.
14:56 of 1st period - Shot Blocked by Brett Pesce.
14:58 of 1st period - Snap shot by Mario Ferraro.
14:58 of 1st period - Deflect By Sam Bennett.
14:58 of 1st period - Shot Misses the Net.
14:58 of 1st period - Puck is out of play.
14:59 of 1st period - Derek Grant wins face-off versus Sam Bennett in Edmonton Oilers zone.
15:12 of 1st period - Snap shot by Troy Terry.
15:12 of 1st period - Shot Misses the Net.
15:35 of 1st period - Penalty to Brandon Carlo is over, Brandon Carlo is back on ice.
16:03 of 1st period - Wrist shot by Nick Bjugstad.
16:03 of 1st period - Shot Blocked by Brandon Carlo.
16:32 of 1st period - Wrist shot by Kyle Okposo.
16:32 of 1st period - Shot Blocked by Brandon Carlo.
16:34 of 1st period - Slapshot by Warren Foegele.
16:34 of 1st period - Shot Misses the Net.
16:43 of 1st period - Icing by Jacob Trouba.
16:44 of 1st period - Sam Bennett wins face-off versus Mikael Backlund in Edmonton Oilers zone.
16:59 of 1st period - Snap shot by Troy Terry.
16:59 of 1st period - Shot Blocked by Brandon Carlo.
17:01 of 1st period - Snap shot by Brady Tkachuk.
17:01 of 1st period - Goal by Brady Tkachuk - Toronto Maple Leafs : 1 - Edmonton Oilers : 0.
17:02 of 1st period - Boone Jenner wins face-off versus Scott Laughton in neutral zone.
17:09 of 1st period - Slapshot by Adrian Kempe.
17:09 of 1st period - Stopped by Cam Talbot with a rebound.
17:11 of 1st period - Wrist shot by Adrian Kempe.
17:11 of 1st period - Stopped by Cam Talbot without a rebound.
17:12 of 1st period - Scott Laughton wins face-off versus Boone Jenner in Toronto Maple Leafs zone.
17:19 of 1st period - Snap shot by David Perron.
17:19 of 1st period - Deflect By Adrian Kempe.
17:19 of 1st period - Goal by Adrian Kempe - Toronto Maple Leafs : 1 - Edmonton Oilers : 1.
17:20 of 1st period - Boone Jenner wins face-off versus Sam Bennett in neutral zone.
17:29 of 1st period - Snap shot by Boone Jenner.
17:29 of 1st period - Goal by Boone Jenner - Toronto Maple Leafs : 1 - Edmonton Oilers : 2.
17:30 of 1st period - Boone Jenner wins face-off versus Sam Bennett in neutral zone.
18:07 of 1st period - Wrist shot by Jake DeBrusk.
18:07 of 1st period - Shot Misses the Net.
18:13 of 1st period - Minor Penalty to Trevor Zegras for Slashing.
18:14 of 1st period - Boone Jenner wins face-off versus Brady Tkachuk in Toronto Maple Leafs zone.
18:27 of 1st period - Wrist shot by Boone Jenner.
18:27 of 1st period - Stopped by Cam Talbot without a rebound.
18:28 of 1st period - Boone Jenner wins face-off versus Brady Tkachuk in Toronto Maple Leafs zone.
18:29 of 1st period - Wrist shot by Brock Boeser.
18:29 of 1st period - Shot Blocked by Dougie Hamilton.
19:11 of 1st period - Minor Penalty to Adrian Kempe for Hooking.
19:12 of 1st period - Brady Tkachuk wins face-off versus Mikael Backlund in Edmonton Oilers zone.
19:15 of 1st period - Backhand shot by Brady Tkachuk.
19:15 of 1st period - Shot Misses the Net.
19:19 of 1st period - Slapshot by Brady Tkachuk.
19:19 of 1st period - Shot Misses the Net.
Goals for this period are 1 for Toronto Maple Leafs vs 2 for Edmonton Oilers.
Shots for this period are 5 for Toronto Maple Leafs vs 10 for Edmonton Oilers.
2nd period
0:01 of 2nd period - Scott Laughton wins face-off versus Mikael Backlund in neutral zone.
0:04 of 2nd period - Slapshot by Dougie Hamilton.
0:04 of 2nd period - Shot Misses the Net.
0:06 of 2nd period - Slapshot by Andrew Mangiapane.
0:06 of 2nd period - Deflect By Scott Laughton.
0:06 of 2nd period - Stopped by Juuse Saros without a rebound.
0:07 of 2nd period - Scott Laughton wins face-off versus Mikael Backlund in Edmonton Oilers zone.
0:13 of 2nd period - Penalty to Trevor Zegras is over, Trevor Zegras is back on ice.
0:58 of 2nd period - Snap shot by Trevor Zegras.
0:58 of 2nd period - Stopped by Juuse Saros with a rebound.
1:08 of 2nd period - Snap shot by Trevor Zegras.
1:08 of 2nd period - Goal by Trevor Zegras - Toronto Maple Leafs : 2 - Edmonton Oilers : 2.
1:09 of 2nd period - Boone Jenner wins face-off versus Troy Terry in neutral zone.
1:36 of 2nd period - Jake DeBrusk is hit by Warren Foegele and loses puck.
1:58 of 2nd period - Off-side.
1:59 of 2nd period - Jeff Carter wins face-off versus Nicolas Roy in neutral zone.
2:12 of 2nd period - Slapshot by Dougie Hamilton.
2:12 of 2nd period - Stopped by Juuse Saros without a rebound.
2:13 of 2nd period - Scott Laughton wins face-off versus Boone Jenner in Edmonton Oilers zone.
2:16 of 2nd period - Slapshot by Trevor Zegras.
2:16 of 2nd period - Shot Misses the Net.
2:49 of 2nd period - Snap shot by Brock Boeser.
2:49 of 2nd period - Shot Misses the Net.
2:51 of 2nd period - Snap shot by Brandon Carlo.
2:51 of 2nd period - Shot Blocked by Sam Bennett.
3:02 of 2nd period - Off-side.
3:03 of 2nd period - Jeff Carter wins face-off versus Andrew Mangiapane in neutral zone.
3:14 of 2nd period - Wrist shot by Andrew Mangiapane.
3:14 of 2nd period - Deflect By Nicolas Roy.
3:14 of 2nd period - Shot Hit the Post.
3:14 of 2nd period - Puck is out of play.
3:15 of 2nd period - Scott Laughton wins face-off versus Boone Jenner in Edmonton Oilers zone.
3:16 of 2nd period - Snap shot by Trevor Zegras.
3:16 of 2nd period - Shot Blocked by Scott Mayfield.
3:19 of 2nd period - Icing by Scott Mayfield.
3:20 of 2nd period - Boone Jenner wins face-off versus Scott Laughton in Edmonton Oilers zone.
3:53 of 2nd period - Snap shot by Troy Terry.
3:53 of 2nd period - Goal by Troy Terry - Toronto Maple Leafs : 3 - Edmonton Oilers : 2.
3:54 of 2nd period - Boone Jenner wins face-off versus Scott Laughton in neutral zone.
4:21 of 2nd period - Andrew Mangiapane is hit by Evan Bouchard.
4:25 of 2nd period - Slapshot by Aaron Ekblad.
4:25 of 2nd period - Stopped by Juuse Saros with a rebound.
4:27 of 2nd period - Wrist shot by Nino Niederreiter.
4:27 of 2nd period - Shot Blocked by Brett Pesce.
4:29 of 2nd period - Snap shot by Nicolas Roy.
4:29 of 2nd period - Goal by Nicolas Roy - Toronto Maple Leafs : 4 - Edmonton Oilers : 2.
4:30 of 2nd period - Boone Jenner wins face-off versus Sam Bennett in neutral zone.
4:56 of 2nd period - Brock Boeser is hit by Dougie Hamilton and loses puck.
5:37 of 2nd period - Snap shot by Nick Bjugstad.
5:37 of 2nd period - Shot Blocked by Evan Bouchard.
5:39 of 2nd period - Slapshot by Luke Schenn.
5:39 of 2nd period - Shot Blocked by Brett Pesce.
5:41 of 2nd period - Slapshot by Luke Schenn.
5:41 of 2nd period - Deflect By Nick Bjugstad.
5:41 of 2nd period - Stopped by Juuse Saros with a rebound.
5:43 of 2nd period - Slapshot by Bowen Byram.
5:43 of 2nd period - Deflect By Nick Bjugstad.
5:43 of 2nd period - Stopped by Juuse Saros without a rebound.
5:44 of 2nd period - Sam Bennett wins face-off versus Boone Jenner in Edmonton Oilers zone.
5:53 of 2nd period - Icing by Brady Tkachuk.
5:54 of 2nd period - Boone Jenner wins face-off versus Sam Bennett in Toronto Maple Leafs zone.
5:57 of 2nd period - Slapshot by Adrian Kempe.
5:57 of 2nd period - Shot Blocked by Dougie Hamilton.
6:00 of 2nd period - Icing by Sam Bennett.
6:01 of 2nd period - Boone Jenner wins face-off versus Sam Bennett in Toronto Maple Leafs zone.
6:02 of 2nd period - Slapshot by David Perron.
6:02 of 2nd period - Shot Blocked by Dougie Hamilton.
6:08 of 2nd period - Adrian Kempe is hit by Brady Tkachuk and loses puck.
6:15 of 2nd period - Snap shot by Brady Tkachuk.
6:15 of 2nd period - Stopped by Juuse Saros with a rebound.
6:28 of 2nd period - Sam Bennett is hit by Jake DeBrusk.
6:39 of 2nd period - Off-side.
6:40 of 2nd period - Scott Laughton wins face-off versus Jeff Carter in neutral zone.
6:43 of 2nd period - Snap shot by Brandon Saad.
6:43 of 2nd period - Deflect By Evan Bouchard.
6:43 of 2nd period - Shot Misses the Net.
6:43 of 2nd period - Puck is out of play.
6:44 of 2nd period - Jeff Carter wins face-off versus Scott Laughton in Edmonton Oilers zone.
6:49 of 2nd period - Slapshot by Alex Iafallo.
6:49 of 2nd period - Stopped by Cam Talbot without a rebound.
6:50 of 2nd period - Jeff Carter wins face-off versus Scott Laughton in Toronto Maple Leafs zone.
6:51 of 2nd period - Wrist shot by Blake Wheeler.
6:51 of 2nd period - Stopped by Cam Talbot with a rebound.
6:53 of 2nd period - Snap shot by Alex Iafallo.
6:53 of 2nd period - Shot Misses the Net.
6:55 of 2nd period - Slapshot by Brett Pesce.
6:55 of 2nd period - Stopped by Cam Talbot without a rebound.
6:56 of 2nd period - Boone Jenner wins face-off versus Nicolas Roy in Toronto Maple Leafs zone.
7:44 of 2nd period - Brett Pesce is hit by Trevor Zegras and loses puck.
8:06 of 2nd period - Off-side.
8:07 of 2nd period - Nicolas Roy wins face-off versus Derek Grant in neutral zone.
8:40 of 2nd period - Off-side.
8:41 of 2nd period - Scott Laughton wins face-off versus Boone Jenner in neutral zone.
9:19 of 2nd period - Snap shot by Alex Iafallo.
9:19 of 2nd period - Stopped by Cam Talbot with a rebound.
9:21 of 2nd period - Snap shot by Alex Iafallo.
9:21 of 2nd period - Shot Blocked by Ryan Pulock.
9:37 of 2nd period - Wrist shot by Troy Terry.
9:37 of 2nd period - Shot Misses the Net.
9:39 of 2nd period - Wrist shot by Troy Terry.
9:39 of 2nd period - Shot Misses the Net.
9:41 of 2nd period - Slapshot by Sam Bennett.
9:41 of 2nd period - Deflect By Brady Tkachuk.
9:41 of 2nd period - Stopped by Juuse Saros without a rebound.
9:42 of 2nd period - Boone Jenner wins face-off versus Scott Laughton in Edmonton Oilers zone.
10:18 of 2nd period - Mikael Backlund is hit by Luke Schenn and loses puck.
10:33 of 2nd period - Snap shot by Brady Tkachuk.
10:33 of 2nd period - Stopped by Juuse Saros without a rebound.
10:34 of 2nd period - Jeff Carter wins face-off versus Scott Laughton in Edmonton Oilers zone.
10:34 of 2nd period - Jeff Carter is hit by Aaron Ekblad.
10:44 of 2nd period - Snap shot by Alex Iafallo.
10:44 of 2nd period - Shot Blocked by Aaron Ekblad.
10:46 of 2nd period - Backhand shot by Jeff Carter.
10:46 of 2nd period - Shot Misses the Net.
10:48 of 2nd period - Slapshot by Brandon Carlo.
10:48 of 2nd period - Deflect By Dougie Hamilton.
10:48 of 2nd period - Stopped by Cam Talbot without a rebound.
10:49 of 2nd period - Nicolas Roy wins face-off versus Mikael Backlund in Toronto Maple Leafs zone.
10:54 of 2nd period - Slapshot by Dougie Hamilton.
10:54 of 2nd period - Shot Blocked by Jacob Trouba.
11:18 of 2nd period - Slapshot by David Perron.
11:18 of 2nd period - Shot Misses the Net.
11:20 of 2nd period - Slapshot by Brandon Carlo.
11:20 of 2nd period - Shot Misses the Net.
11:22 of 2nd period - Snap shot by David Perron.
11:22 of 2nd period - Deflect By Boone Jenner.
11:22 of 2nd period - Stopped by Cam Talbot with a rebound.
11:24 of 2nd period - Slapshot by David Perron.
11:24 of 2nd period - Shot Misses the Net.
11:26 of 2nd period - Snap shot by Adrian Kempe.
11:26 of 2nd period - Shot Misses the Net.
11:28 of 2nd period - Slapshot by Brandon Carlo.
11:28 of 2nd period - Stopped by Cam Talbot without a rebound.
11:29 of 2nd period - Jeff Carter wins face-off versus Scott Laughton in Toronto Maple Leafs zone.
11:38 of 2nd period - Snap shot by Blake Wheeler.
11:38 of 2nd period - Shot Misses the Net.
11:40 of 2nd period - Slapshot by Blake Wheeler.
11:40 of 2nd period - Shot Misses the Net.
11:44 of 2nd period - Wrist shot by Alex Iafallo.
11:44 of 2nd period - Shot Blocked by Ryan Pulock.
11:54 of 2nd period - Nino Niederreiter is hit by Adrian Kempe and loses puck.
12:03 of 2nd period - Snap shot by Adrian Kempe.
12:03 of 2nd period - Stopped by Cam Talbot without a rebound.
12:04 of 2nd period - Mikael Backlund wins face-off versus Sam Bennett in Toronto Maple Leafs zone.
12:13 of 2nd period - Snap shot by Jake DeBrusk.
12:13 of 2nd period - Stopped by Cam Talbot without a rebound.
12:14 of 2nd period - Sam Bennett wins face-off versus Mikael Backlund in Toronto Maple Leafs zone.
12:49 of 2nd period - Snap shot by Troy Terry.
12:49 of 2nd period - Shot Misses the Net.
12:51 of 2nd period - Minor Penalty to Brett Pesce for Boarding.
12:52 of 2nd period - Scott Laughton wins face-off versus Derek Grant in Edmonton Oilers zone.
13:19 of 2nd period - Derek Grant is hit by Brady Tkachuk and loses puck.
13:24 of 2nd period - Snap shot by Brady Tkachuk.
13:24 of 2nd period - Stopped by Juuse Saros without a rebound.
13:25 of 2nd period - Jeff Carter wins face-off versus Sam Bennett in Edmonton Oilers zone.
13:49 of 2nd period - Icing by Brady Tkachuk.
13:50 of 2nd period - Scott Laughton wins face-off versus Derek Grant in Toronto Maple Leafs zone.
14:45 of 2nd period - Snap shot by Brady Tkachuk.
14:45 of 2nd period - Shot Misses the Net.
14:51 of 2nd period - Penalty to Brett Pesce is over, Brett Pesce is back on ice.
14:59 of 2nd period - Slapshot by Aaron Ekblad.
14:59 of 2nd period - Deflect By Andrew Mangiapane.
14:59 of 2nd period - Shot Misses the Net.
14:59 of 2nd period - Puck is out of play.
15:00 of 2nd period - Nicolas Roy wins face-off versus David Perron in Edmonton Oilers zone.
15:24 of 2nd period - Icing by Evan Bouchard.
15:25 of 2nd period - Boone Jenner wins face-off versus Trevor Zegras in Edmonton Oilers zone.
15:35 of 2nd period - Luke Schenn beats up Adrian Kempe.
15:35 of 2nd period - Penalty to Adrian Kempe for Fighting.
15:35 of 2nd period - Penalty to Luke Schenn for Fighting.
15:36 of 2nd period - Mikael Backlund wins face-off versus Scott Laughton in Toronto Maple Leafs zone.
15:43 of 2nd period - Snap shot by Jake DeBrusk.
15:43 of 2nd period - Shot Misses the Net.
15:45 of 2nd period - Slapshot by Brandon Carlo.
15:45 of 2nd period - Stopped by Cam Talbot with a rebound.
15:51 of 2nd period - Wrist shot by Jake DeBrusk.
15:51 of 2nd period - Stopped by Cam Talbot with a rebound.
15:53 of 2nd period - Snap shot by Jacob Trouba.
15:53 of 2nd period - Deflect By Jake DeBrusk.
15:53 of 2nd period - Shot Misses the Net.
15:53 of 2nd period - Puck is out of play.
15:54 of 2nd period - Boone Jenner wins face-off versus Sam Bennett in Toronto Maple Leafs zone.
16:03 of 2nd period - Snap shot by Brock Boeser.
16:03 of 2nd period - Shot Blocked by Sam Bennett.
16:05 of 2nd period - Slapshot by Brock Boeser.
16:05 of 2nd period - Shot Blocked by Ryan Pulock.
16:07 of 2nd period - Backhand shot by Scott Mayfield.
16:07 of 2nd period - Deflect By Brady Tkachuk.
16:07 of 2nd period - Stopped by Cam Talbot with a rebound.
16:10 of 2nd period - Ryker Evans and Brady Tkachuk fight to a draw.
16:10 of 2nd period - Penalty to Ryker Evans for Fighting.
16:10 of 2nd period - Penalty to Brady Tkachuk for Fighting.
16:11 of 2nd period - Scott Laughton wins face-off versus Mikael Backlund in Toronto Maple Leafs zone.
16:34 of 2nd period - Minor Penalty to Aaron Ekblad for Hooking.
16:35 of 2nd period - Boone Jenner wins face-off versus Nino Niederreiter in Toronto Maple Leafs zone.
16:46 of 2nd period - Evan Bouchard is hit by Dougie Hamilton and loses puck.
17:07 of 2nd period - Slapshot by Jake DeBrusk.
17:07 of 2nd period - Stopped by Cam Talbot with a rebound.
17:49 of 2nd period - Evan Bouchard is hit by Nino Niederreiter and loses puck.
18:20 of 2nd period - Alex Iafallo is hit by Troy Terry and loses puck.
18:34 of 2nd period - Penalty to Aaron Ekblad is over, Aaron Ekblad is back on ice.
18:44 of 2nd period - Brock Boeser is hit by Aaron Ekblad and loses puck.
19:21 of 2nd period - Minor Penalty to Scott Mayfield for Roughing.
19:22 of 2nd period - Sam Bennett wins face-off versus Derek Grant in Edmonton Oilers zone.
19:35 of 2nd period - Wrist shot by Sam Bennett.
19:35 of 2nd period - Goal by Sam Bennett - Toronto Maple Leafs : 5 - Edmonton Oilers : 2.
19:36 of 2nd period - Scott Laughton wins face-off versus Mikael Backlund in neutral zone.
19:41 of 2nd period - Slapshot by Scott Laughton.
19:41 of 2nd period - Shot Misses the Net.
19:43 of 2nd period - Slapshot by Ryan Pulock.
19:43 of 2nd period - Stopped by Juuse Saros with a rebound.
19:45 of 2nd period - Snap shot by Scott Laughton.
19:45 of 2nd period - Stopped by Juuse Saros without a rebound.
19:46 of 2nd period - Scott Laughton wins face-off versus Mikael Backlund in Edmonton Oilers zone.
19:53 of 2nd period - Slapshot by Trevor Zegras.
19:53 of 2nd period - Shot Blocked by Jake DeBrusk.
Goals for this period are 4 for Toronto Maple Leafs vs 0 for Edmonton Oilers.
Shots for this period are 16 for Toronto Maple Leafs vs 13 for Edmonton Oilers.
3rd period
0:01 of 3rd period - Sam Bennett wins face-off versus Boone Jenner in neutral zone.
0:08 of 3rd period - Snap shot by Troy Terry.
0:08 of 3rd period - Shot Misses the Net.
0:26 of 3rd period - Scott Laughton is hit by Blake Wheeler and loses puck.
0:49 of 3rd period - Slapshot by Dougie Hamilton.
0:49 of 3rd period - Shot Blocked by Jacob Trouba.
0:51 of 3rd period - Snap shot by Warren Foegele.
0:51 of 3rd period - Shot Blocked by Brandon Carlo.
0:53 of 3rd period - Snap shot by Kyle Okposo.
0:53 of 3rd period - Shot Misses the Net.
0:55 of 3rd period - Wrist shot by Dougie Hamilton.
0:55 of 3rd period - Shot Misses the Net.
0:57 of 3rd period - Slapshot by Aaron Ekblad.
0:57 of 3rd period - Stopped by Juuse Saros with a rebound.
0:59 of 3rd period - Wrist shot by Aaron Ekblad.
0:59 of 3rd period - Shot Misses the Net.
1:35 of 3rd period - Wrist shot by David Perron.
1:35 of 3rd period - Shot Misses the Net.
1:37 of 3rd period - Slapshot by Brandon Carlo.
1:37 of 3rd period - Deflect By Boone Jenner.
1:37 of 3rd period - Shot Blocked by Ryan Pulock.
1:37 of 3rd period - Puck is out of play.
1:38 of 3rd period - Trevor Zegras wins face-off versus Boone Jenner in Toronto Maple Leafs zone.
1:43 of 3rd period - Snap shot by Brandon Saad.
1:43 of 3rd period - Stopped by Juuse Saros without a rebound.
1:44 of 3rd period - Scott Laughton wins face-off versus Boone Jenner in Edmonton Oilers zone.
1:57 of 3rd period - Boone Jenner is hit by Brandon Saad and loses puck.
2:14 of 3rd period - Wrist shot by Trevor Zegras.
2:14 of 3rd period - Stopped by Juuse Saros without a rebound.
2:15 of 3rd period - Nicolas Roy wins face-off versus Mikael Backlund in Edmonton Oilers zone.
2:16 of 3rd period - Snap shot by Andrew Mangiapane.
2:16 of 3rd period - Stopped by Juuse Saros without a rebound.
2:17 of 3rd period - Jake DeBrusk wins face-off versus Nicolas Roy in Edmonton Oilers zone.
2:50 of 3rd period - Snap shot by Blake Wheeler.
2:50 of 3rd period - Stopped by Cam Talbot without a rebound.
2:51 of 3rd period - Jeff Carter wins face-off versus Sam Bennett in Toronto Maple Leafs zone.
3:10 of 3rd period - Backhand shot by Alex Iafallo.
3:10 of 3rd period - Stopped by Cam Talbot without a rebound.
3:11 of 3rd period - Mikael Backlund wins face-off versus Scott Laughton in Toronto Maple Leafs zone.
3:58 of 3rd period - Minor Penalty to Scott Mayfield for Hooking.
3:59 of 3rd period - Sam Bennett wins face-off versus Derek Grant in Edmonton Oilers zone.
4:35 of 3rd period - Slapshot by Mario Ferraro.
4:35 of 3rd period - Stopped by Juuse Saros without a rebound.
4:36 of 3rd period - Jeff Carter wins face-off versus Sam Bennett in Edmonton Oilers zone.
4:36 of 3rd period - Jeff Carter is hit by Troy Terry.
5:58 of 3rd period - Penalty to Scott Mayfield is over, Scott Mayfield is back on ice.
6:29 of 3rd period - Snap shot by Andrew Mangiapane.
6:29 of 3rd period - Stopped by Juuse Saros without a rebound.
6:30 of 3rd period - Boone Jenner wins face-off versus Nick Bjugstad in Edmonton Oilers zone.
6:32 of 3rd period - Icing by Brandon Carlo.
6:33 of 3rd period - Nick Bjugstad wins face-off versus Boone Jenner in Edmonton Oilers zone.
6:48 of 3rd period - Jacob Trouba is hit by Kyle Okposo and loses puck.
7:03 of 3rd period - Snap shot by Brady Tkachuk.
7:03 of 3rd period - Stopped by Juuse Saros without a rebound.
7:04 of 3rd period - Mikael Backlund wins face-off versus Sam Bennett in Edmonton Oilers zone.
8:09 of 3rd period - Snap shot by Mikael Backlund.
8:09 of 3rd period - Stopped by Cam Talbot without a rebound.
8:10 of 3rd period - Boone Jenner wins face-off versus Andrew Mangiapane in Toronto Maple Leafs zone.
8:44 of 3rd period - Wrist shot by Trevor Zegras.
8:44 of 3rd period - Stopped by Juuse Saros with a rebound.
8:46 of 3rd period - Snap shot by Scott Laughton.
8:46 of 3rd period - Stopped by Juuse Saros without a rebound.
8:47 of 3rd period - Derek Grant wins face-off versus Nicolas Roy in Edmonton Oilers zone.
9:18 of 3rd period - Wrist shot by Trevor Zegras.
9:18 of 3rd period - Shot Hit the Post.
9:42 of 3rd period - Wrist shot by Jake DeBrusk.
9:42 of 3rd period - Shot Misses the Net.
10:04 of 3rd period - Snap shot by Troy Terry.
10:04 of 3rd period - Stopped by Juuse Saros without a rebound.
10:05 of 3rd period - Boone Jenner wins face-off versus Scott Laughton in Edmonton Oilers zone.
10:12 of 3rd period - Snap shot by Adrian Kempe.
10:12 of 3rd period - Shot Blocked by Brandon Saad.
10:22 of 3rd period - Wrist shot by Boone Jenner.
10:22 of 3rd period - Shot Blocked by Brandon Saad.
10:41 of 3rd period - Wrist shot by Brock Boeser.
10:41 of 3rd period - Goal by Brock Boeser - Toronto Maple Leafs : 5 - Edmonton Oilers : 3.
10:42 of 3rd period - Boone Jenner wins face-off versus Sam Bennett in neutral zone.
11:14 of 3rd period - Wrist shot by David Perron.
11:14 of 3rd period - Stopped by Cam Talbot without a rebound.
11:15 of 3rd period - Nicolas Roy wins face-off versus Mikael Backlund in Toronto Maple Leafs zone.
11:30 of 3rd period - Wrist shot by Nicolas Roy.
11:30 of 3rd period - Shot Misses the Net.
11:32 of 3rd period - Slapshot by Bowen Byram.
11:32 of 3rd period - Stopped by Juuse Saros with a rebound.
11:58 of 3rd period - Slapshot by Nino Niederreiter.
11:58 of 3rd period - Shot Blocked by Evan Bouchard.
12:00 of 3rd period - Slapshot by Mario Ferraro.
12:00 of 3rd period - Shot Misses the Net.
12:28 of 3rd period - Snap shot by Brock Boeser.
12:28 of 3rd period - Stopped by Cam Talbot with a rebound.
12:34 of 3rd period - Snap shot by Brock Boeser.
12:34 of 3rd period - Stopped by Cam Talbot without a rebound.
12:35 of 3rd period - Scott Laughton wins face-off versus David Perron in Toronto Maple Leafs zone.
13:31 of 3rd period - Snap shot by Mario Ferraro.
13:31 of 3rd period - Stopped by Juuse Saros without a rebound.
13:32 of 3rd period - Scott Laughton wins face-off versus David Perron in Edmonton Oilers zone.
14:37 of 3rd period - Slapshot by Aaron Ekblad.
14:37 of 3rd period - Stopped by Juuse Saros without a rebound.
14:38 of 3rd period - Boone Jenner wins face-off versus Scott Laughton in Edmonton Oilers zone.
14:45 of 3rd period - Slapshot by Jacob Trouba.
14:45 of 3rd period - Stopped by Cam Talbot with a rebound.
15:39 of 3rd period - Slapshot by Andrew Mangiapane.
15:39 of 3rd period - Stopped by Juuse Saros with a rebound.
15:50 of 3rd period - Nicolas Roy is hit by Tanner Jeannot and loses puck.
16:27 of 3rd period - Slapshot by Evan Bouchard.
16:27 of 3rd period - Stopped by Cam Talbot with a rebound.
16:29 of 3rd period - Snap shot by Brett Pesce.
16:29 of 3rd period - Shot Misses the Net.
16:37 of 3rd period - Wrist shot by Derek Grant.
16:37 of 3rd period - Shot Blocked by Luke Schenn.
16:39 of 3rd period - Wrist shot by Derek Grant.
16:39 of 3rd period - Shot Blocked by Luke Schenn.
17:01 of 3rd period - Wrist shot by Dawson Mercer.
17:01 of 3rd period - Stopped by Cam Talbot with a rebound.
17:03 of 3rd period - Slapshot by Evan Bouchard.
17:03 of 3rd period - Deflect By Dawson Mercer.
17:03 of 3rd period - Stopped by Cam Talbot with a rebound.
17:05 of 3rd period - Slapshot by Evan Bouchard.
17:05 of 3rd period - Goal by Evan Bouchard - Toronto Maple Leafs : 5 - Edmonton Oilers : 4.
17:06 of 3rd period - Jeff Carter wins face-off versus Nick Bjugstad in neutral zone.
17:33 of 3rd period - Adrian Kempe is hit by Troy Terry.
18:14 of 3rd period - Aaron Ekblad is hit by Brandon Carlo.
18:30 of 3rd period - Edmonton Oilers, Juuse Saros is pulled from the net.
19:54 of 3rd period - Backhand shot by Troy Terry.
19:54 of 3rd period - Goal by Troy Terry - Toronto Maple Leafs : 6 - Edmonton Oilers : 4.
19:54 of 3rd period - Juuse Saros from Edmonton Oilers was sent back in the game.
19:55 of 3rd period - Dawson Mercer wins face-off versus Andrew Mangiapane in neutral zone.
Goals for this period are 1 for Toronto Maple Leafs vs 2 for Edmonton Oilers.
Shots for this period are 15 for Toronto Maple Leafs vs 12 for Edmonton Oilers.
Back to the Top